[Event "Niedersachsen-ch 2020"]
[Site "Verden-Aller"]
[Date "2020.01.04"]
[Round "5.5"]
[White "Ewert, Hannes"]
[Black "Mueer, Sebastian"]
[Result "0-1"]
[ECO "A05"]
[WhiteElo "2256"]
[BlackElo "2223"]
[Annotator "NA"]
[PlyCount "120"]
[EventDate "2020.01.02"]
[EventType "swiss"]
[EventCountry "GER"]
[SourceTitle "playchess.com"]
[Source "ChessBase"]
[SourceQuality "1"]
[TimeControl "40/5400+30:1800+30"]

1. Nf3 Nf6 2. g3 g6 3. Bg2 Bg7 4. O-O O-O 5. b3 d6 6. d4 e5 7. dxe5 dxe5 8. Bb2 e4 9. Qxd8 Rxd8 10. Nfd2 $11 Bf5 11. Nc4 Nc6 12. Nba3 a6 13. Ne3 Nd5 14. Bxg7 Nxe3 15. fxe3 Kxg7 16. Rf4 Rd2 17. g4 Be6 18. Bxe4 Rxe2 19. Nc4 Bxc4 20. Bxc6 bxc6 21. bxc4 Rd8 22. Raf1 Rd7 23. R1f2 Rxe3 24. Rf6 Re6 25. R6f3 Re4 26. h3 a5 27. Ra3 Re5 28. Kg2 f6 29. Raf3 Rd6 30. Rb3 Rc5 31. Rd3 Rxc4 32. Re3 Rd7 33. Re6 Rf7 34. Re8 h6 35. Ra8 Rc5 36. Re2 h5 37. Ra6 hxg4 38. hxg4 Kh6 39. Kg3 Kg5 40. c4 Rd7 41. Re6 Rd6 42. Re4 f5 43. gxf5 gxf5 44. Re2 Rd3+ 45. Kf2 Rd4 46. Rc2 Kf4 47. Ra8 Rdxc4 48. Rxc4+ Rxc4 49. Rxa5 Rc2+ 50. Kf1 c5 51. Ke1 Ke3 52. Kd1 Rd2+ 53. Ke1 Rh2 54. Ra3+ Kd4 55. Rf3 f4 56. a4 Ra2 57. Kd1 Ke4 58. Rc3 c4 59. a5 Rxa5 60. Rxc4+ Kd3 0-1

[Event "Niedersachsen-ch 2020"]
[Site "Verden-Aller"]
[Date "2020.01.04"]
[Round "5.6"]
[White "Knuedel, Torben"]
[Black "Hoerstmann, Rudi"]
[Result "1/2-1/2"]
[ECO "B06"]
[WhiteElo "2185"]
[BlackElo "2241"]
[Annotator "NA"]
[PlyCount "84"]
[EventDate "2020.01.02"]
[EventType "swiss"]
[EventCountry "GER"]
[SourceTitle "playchess.com"]
[Source "ChessBase"]
[SourceQuality "1"]
[TimeControl "40/5400+30:1800+30"]

1. e4 g6 2. d4 Bg7 3. Nc3 d6 4. Nge2 Nd7 5. h3 a6 6. g3 c5 7. Be3 b6 8. Bg2 Rb8 9. Qd2 Bb7 10. O-O Ngf6 11. Rad1 cxd4 12. Nxd4 O-O $11 13. Rfe1 Re8 14. f4 Nc5 15. Bf2 e5 16. Nb3 exf4 17. Qxf4 Nh5 18. Qxd6 Qxd6 19. Rxd6 Bxc3 20. bxc3 Nxe4 21. Bxe4 Bxe4 22. Rxb6 Rxb6 23. Bxb6 Nxg3 24. Nc5 f5 25. Kf2 Nh5 26. Nxe4 fxe4 27. Bd4 Nf4 28. h4 Nd5 29. Ke2 Ne7 30. Rb1 Nf5 31. Rb7 Re6 32. Rb8+ Kf7 33. Rb7+ Re7 34. Rb6 Re6 35. Rb7+ Re7 36. Rb6 e3 37. Rxa6 Ng3+ 38. Ke1 Nf5 39. Ke2 Re4 40. Ra7+ Kg8 41. Ra8+ Kf7 42. Ra7+ Kg8 1/2-1/2

[Event "Niedersachsen-ch 2020"]
[Site "Verden-Aller"]
[Date "2020.01.04"]
[Round "5.7"]
[White "Haerig, Wilfried"]
[Black "Pubantz, Jan"]
[Result "0-1"]
[ECO "B12"]
[WhiteElo "2161"]
[BlackElo "2233"]
[Annotator "NA"]
[PlyCount "90"]
[EventDate "2020.01.02"]
[EventType "swiss"]
[EventCountry "GER"]
[SourceTitle "playchess.com"]
[Source "ChessBase"]
[SourceQuality "1"]
[TimeControl "40/5400+30:1800+30"]

1. e4 c6 2. d4 d5 3. e5 Bf5 4. Be3 e6 5. Nf3 Ne7 6. Nbd2 Bg6 7. Nh4 Nf5 8. Nxf5 Bxf5 9. Be2 c5 10. Bb5+ Nc6 11. c4 Rc8 12. dxc5 d4 13. Bf4 Bxc5 14. a3 d3 $17 15. O-O Qd4 16. Nb3 Qxf4 17. Nxc5 O-O 18. Bxc6 bxc6 19. Nxd3 Qxc4 20. Nb4 c5 21. Na2 Rfd8 22. Qc1 Qb3 23. Nc3 Rb8 24. Rd1 Rd4 25. Rd2 Rxd2 26. Qxd2 Qxb2 27. Qxb2 Rxb2 28. Rc1 c4 29. Kf1 Bd3+ 30. Kg1 Kf8 31. f4 Ke7 32. Nd1 Rb3 33. a4 Rb4 34. a5 Ra4 35. Nb2 Rxa5 36. Nxd3 cxd3 37. Kf2 Rd5 38. Ke3 d2 39. Rd1 Kd7 40. g4 Kc6 41. h4 Kc5 42. h5 Kc4 43. g5 Kc3 44. Ke4 Kc2 45. Rxd2+ Rxd2 {[%emt 0:00:09] Kd4} 0-1

[Event "Niedersachsen-ch 2020"]
[Site "Verden-Aller"]
[Date "2020.01.04"]
[Round "5.8"]
[White "Stotyn, Fabian"]
[Black "Sreyas Payyappat"]
[Result "1/2-1/2"]
[ECO "A46"]
[WhiteElo "2198"]
[BlackElo "2166"]
[Annotator "ChessBase"]
[PlyCount "115"]
[EventDate "2020.01.02"]
[EventType "swiss"]
[EventCountry "GER"]
[SourceTitle "playchess.com"]
[Source "ChessBase"]
[SourceQuality "1"]
[TimeControl "40/5400+30:1800+30"]

1. d4 Nf6 2. Nf3 d5 3. g3 e6 4. Bg2 Be7 5. O-O O-O 6. c4 c6 7. b3 b6 8. Qc2 Nbd7 9. Nbd2 Bb7 10. e4 Rc8 11. Bb2 c5 12. exd5 exd5 13. dxc5 Nxc5 14. Rad1 b5 15. Qb1 bxc4 16. Nxc4 Ba6 17. Rfe1 Bxc4 18. bxc4 Na4 19. Bxf6 Bxf6 20. Rxd5 Qc7 21. Ng5 g6 22. Ne4 Bg7 23. c5 Qa5 24. Rc1 Rc6 25. Rd6 Rxd6 26. cxd6 Nc3 27. Nxc3 Bxc3 28. Qb3 Bd4 29. d7 Bxf2+ 30. Kh1 Bb6 31. Bd5 Qa6 32. Qf3 Bd8 33. Rc6 Qa5 34. Rc1 Qa6 35. Re1 Qd6 36. Bc6 Be7 37. Qe4 Rd8 38. Ba4 Bf6 39. Qc6 Qxc6+ 40. Bxc6 h5 41. Re8+ Kg7 42. Kg2 h4 43. g4 Bg5 44. Kf3 f5 45. h3 Kf7 46. Bd5+ Kg7 47. Bc6 Kf7 48. gxf5 gxf5 49. Ke2 Be7 50. Ke3 Kf6 51. Kd4 Ke6 52. Ba4 Kd6 53. Kc4 Ke6 54. Kd4 Kd6 55. Ke3 Ke6 56. Kf4 Kf6 57. Bb5 Ke6 58. Rxd8 {[%emt 0:03:18] Ke5+ Ke4+} 1/2-1/2

[Event "Niedersachsen-ch 2020"]
[Site "Verden-Aller"]
[Date "2020.01.04"]
[Round "5.9"]
[White "Webner, Dennis"]
[Black "Balazs, Balint"]
[Result "0-1"]
[ECO "A45"]
[WhiteElo "2113"]
[BlackElo "2158"]
[Annotator "ChessBase"]
[PlyCount "119"]
[EventDate "2020.01.02"]
[EventType "swiss"]
[EventCountry "GER"]
[SourceTitle "playchess.com"]
[Source "ChessBase"]
[SourceQuality "1"]
[TimeControl "40/5400+30:1800+30"]

1. d4 Nf6 2. Bf4 d5 3. e3 c5 4. Nc3 e6 5. Nb5 Na6 6. c3 Be7 7. h3 O-O 8. Nf3 Bd7 9. a4 Bc6 10. Be2 Ne4 11. O-O c4 12. Nd2 Nxd2 13. Qxd2 Bxb5 14. axb5 Nc7 15. b3 cxb3 16. Rfb1 Bd6 17. Bxd6 Qxd6 18. Rxb3 a5 19. b6 Ne8 20. Qb2 Nf6 21. Rba3 Ne4 22. Bd3 Rac8 23. Bxe4 dxe4 24. Rxa5 Rc6 25. Rb5 Rfc8 26. Qb4 Kf8 27. Qxd6+ Rxd6 28. Ra7 Rb8 29. c4 Ke7 30. Kf1 Rc6 31. c5 Kd7 32. Ke2 Rcc8 33. Kd2 Kc6 34. Rba5 Rd8 35. Kc3 f5 36. Kc4 g5 37. Ra1 Rf8 38. Rd1 Rbd8 39. Ra2 h5 40. Rad2 Rd5 41. f3 Rf7 42. Rf1 Rfd7 43. Ra2 exf3 44. Ra8 Rd8 45. Rxd8 Rxd8 46. gxf3 Ra8 47. Kb3 Kd5 48. Rg1 Rg8 49. Kc3 g4 50. hxg4 fxg4 51. fxg4 Ke4 52. g5 Kxe3 53. Re1+ Kf4 54. Rxe6 h4 55. Re7 Rb8 56. g6 h3 57. Rh7 Kg3 58. d5 h2 59. g7 Kg2 60. Kd4 0-1

[Event "Niedersachsen-ch 2020"]
[Site "Verden-Aller"]
[Date "2020.01.04"]
[Round "5.10"]
[White "Issing, Peter"]
[Black "Hoellmann, Ludger"]
[Result "0-1"]
[ECO "D37"]
[WhiteElo "2151"]
[BlackElo "2059"]
[Annotator "ChessBase"]
[PlyCount "52"]
[EventDate "2020.01.02"]
[EventType "swiss"]
[EventCountry "GER"]
[SourceTitle "playchess.com"]
[Source "ChessBase"]
[SourceQuality "1"]
[TimeControl "40/5400+30:1800+30"]

1. d4 d5 2. c4 e6 3. Nf3 Nf6 4. Nc3 Be7 5. Bf4 O-O 6. e3 b6 7. cxd5 Nxd5 8. Nxd5 Qxd5 9. Bd3 Qa5+ 10. Nd2 Ba6 11. Be4 Nd7 12. Bxa8 Rxa8 13. a3 c5 14. b4 cxb4 15. axb4 Qb5 16. f3 e5 17. Bxe5 Nxe5 18. dxe5 Bxb4 19. Kf2 Rd8 20. Ra2 Qxe5 21. Nc4 Qc7 22. Rxa6 Rxd1 23. Rxd1 g6 24. Rd4 b5 25. Nd6 Qc1 26. Kg3 Qxe3 0-1

[Event "Niedersachsen-ch 2020"]
[Site "Verden-Aller"]
[Date "2020.01.04"]
[Round "5.11"]
[White "Santos, Jose"]
[Black "Eickhoff, Hermann"]
[Result "1-0"]
[ECO "A46"]
[WhiteElo "1771"]
[BlackElo "1785"]
[Annotator "NA"]
[PlyCount "82"]
[EventDate "2020.01.02"]
[EventType "swiss"]
[EventCountry "GER"]
[SourceTitle "playchess.com"]
[Source "ChessBase"]
[SourceQuality "1"]
[TimeControl "40/5400+30:1800+30"]

1. d4 Nf6 2. Nf3 d6 3. e3 c6 4. Bd3 e5 5. e4 exd4 6. Nxd4 Nbd7 7. O-O Ne5 8. Bf4 Bg4 9. Qd2 Nxd3 10. Qxd3 Nh5 11. Be3 Be7 12. c4 O-O 13. Nc3 a6 14. a4 c5 $16 15. Nde2 Nf6 16. f3 Be6 17. Nf4 Nd7 18. Ncd5 Ne5 19. Qc2 Nc6 20. Rfd1 Bxd5 21. Nxd5 Nb4 22. Nxb4 cxb4 23. Rd5 Qc7 24. Rad1 Rfc8 25. b3 a5 26. Bf4 Ra6 27. R1d3 Rc6 28. Qd1 Rd8 29. e5 Qb6+ 30. Kh1 g5 31. Bg3 h5 32. exd6 Bf6 33. h3 h4 34. Bh2 Kg7 35. Bg1 Qa6 36. f4 gxf4 37. Qg4+ Kf8 38. Qxf4 Bg7 39. Qxh4 Rd7 40. Qg4 Rd8 41. Rg3 Ke8 1-0

[Event "Niedersachsen-ch 2020"]
[Site "Verden-Aller"]
[Date "2020.01.04"]
[Round "5.12"]
[White "Kobs, Stephan"]
[Black "Korb, Ruben"]
[Result "0-1"]
[ECO "C77"]
[WhiteElo "1962"]
[BlackElo "1709"]
[Annotator "NA"]
[PlyCount "104"]
[EventDate "2020.01.02"]
[EventType "swiss"]
[EventCountry "GER"]
[SourceTitle "playchess.com"]
[Source "ChessBase"]
[SourceQuality "1"]
[TimeControl "40/5400+30:1800+30"]

1. e4 e5 2. Nf3 Nc6 3. Bb5 a6 4. Ba4 Nf6 5. d4 exd4 6. O-O Be7 7. Re1 b5 8. e5 Nxe5 9. Rxe5 d6 10. Re1 bxa4 11. Nxd4 Bd7 12. Qf3 O-O 13. Nc6 Bxc6 14. Qxc6 d5 15. Nc3 a3 16. b3 Qd6 17. Qxd6 Bxd6 18. Bd2 Rfe8 19. Rad1 Bc5 20. Rxe8+ Rxe8 21. Re1 Kf8 22. Na4 Bd6 23. Rxe8+ Kxe8 24. Kf1 Ne4 25. Be3 f5 26. f3 Nf6 27. g3 Nd7 28. Ke2 Kf7 29. c3 Ke6 30. f4 a5 31. Kd3 Be7 32. c4 c6 33. Bd2 Bb4 34. Bxb4 axb4 35. c5 Nf6 36. Kd4 h5 37. Nb6 Ne4 38. Na8 Nc3 39. Nc7+ Kd7 40. Na6 Nxa2 41. Ke5 Nc3 42. Nxb4 a2 43. Nxa2 Nxa2 44. Kxf5 Nb4 45. Ke5 Nc2 46. f5 Ke7 47. h3 Ne3 48. Kf4 Nc2 49. g4 hxg4 50. hxg4 Nb4 51. Ke5 Na6 52. Kd4 Kf6 0-1

[Event "Niedersachsen-ch 2020"]
[Site "Verden-Aller"]
[Date "2020.01.04"]
[Round "6.1"]
[White "Riemay, David"]
[Black "Abel, Dennes"]
[Result "0-1"]
[ECO "D04"]
[WhiteElo "2139"]
[BlackElo "2463"]
[Annotator "ChessBase"]
[PlyCount "74"]
[EventDate "2020.01.02"]
[EventType "swiss"]
[EventCountry "GER"]
[SourceTitle "playchess.com"]
[Source "ChessBase"]
[SourceQuality "1"]
[TimeControl "40/5400+30:1800+30"]

1. d4 d5 2. Nf3 Nf6 3. e3 Bg4 4. Be2 e6 5. Nbd2 c5 6. h3 Bh5 7. b3 cxd4 8. Nxd4 Bxe2 9. Qxe2 Nc6 10. Bb2 Rc8 11. O-O Bc5 12. Nxc6 bxc6 13. c4 O-O 14. Rfd1 Qe7 15. e4 Ba3 16. Rab1 Bxb2 17. Rxb2 Rcd8 18. e5 Nd7 19. Nf3 Nb6 20. cxd5 Rxd5 21. Rxd5 exd5 22. Rc2 c5 23. a4 c4 24. bxc4 Nxc4 25. Nd4 Re8 26. f4 g6 27. Kh2 Qb4 28. Qf3 Nb6 29. Qf2 Nc4 30. Qf3 Rf8 31. Nc6 Qxa4 32. Ne7+ Kh8 33. Qc3 Ne3 34. Rf2 d4 35. Qc6 Qxc6 36. Nxc6 d3 37. Kg3 d2 0-1

[Event "Niedersachsen-ch 2020"]
[Site "Verden-Aller"]
[Date "2020.01.04"]
[Round "6.2"]
[White "Renner, Kai"]
[Black "Voege, Tobias"]
[Result "0-1"]
[ECO "B39"]
[WhiteElo "2180"]
[BlackElo "2310"]
[Annotator "NA"]
[PlyCount "76"]
[EventDate "2020.01.02"]
[EventType "swiss"]
[EventCountry "GER"]
[SourceTitle "playchess.com"]
[Source "ChessBase"]
[SourceQuality "1"]
[TimeControl "40/5400+30:1800+30"]

1. e4 c5 2. Nf3 Nc6 3. d4 cxd4 4. Nxd4 g6 5. c4 Bg7 6. Be3 Nf6 7. Nc3 Ng4 8. Qxg4 Nxd4 9. Qd1 e5 10. Bd3 O-O 11. O-O d6 12. Qd2 a6 13. Rac1 Be6 14. b3 $14 f5 15. exf5 gxf5 16. f3 Kh8 17. Rfd1 Qh4 18. Bf1 Rg8 19. Ne2 Nxe2+ 20. Bxe2 Bf8 21. f4 Be7 22. c5 Rad8 23. cxd6 Bxd6 24. Qb2 Qh3 25. g3 Rxg3+ 26. hxg3 Qxg3+ 27. Kf1 Qxe3 28. fxe5 Qf4+ 29. Bf3 Qxf3+ 30. Qf2 Qh3+ 31. Ke2 Be7 32. Rxd8+ Bxd8 33. Qc5 Qg2+ 34. Kd1 Bg5 35. Qf8+ Bg8 36. Ke1 Qd2+ 37. Kf1 Qxc1+ 38. Kg2 Qb2+ 0-1

[Event "Niedersachsen-ch 2020"]
[Site "Verden-Aller"]
[Date "2020.01.04"]
[Round "6.3"]
[White "Mueer, Sebastian"]
[Black "Hartogh, Christian"]
[Result "1-0"]
[ECO "A33"]
[WhiteElo "2223"]
[BlackElo "2075"]
[Annotator "NA"]
[PlyCount "119"]
[EventDate "2020.01.02"]
[EventType "swiss"]
[EventCountry "GER"]
[SourceTitle "playchess.com"]
[Source "ChessBase"]
[SourceQuality "1"]
[TimeControl "40/5400+30:1800+30"]

1. Nf3 c5 2. c4 Nf6 3. Nc3 Nc6 4. d4 cxd4 5. Nxd4 e6 6. g3 d5 7. Bg2 Bc5 8. Nb3 Bb4 9. O-O dxc4 10. Qxd8+ Kxd8 11. Rd1+ Ke7 12. Nd4 Na5 13. Bg5 h6 14. Nf5+ exf5 15. Nd5+ Kf8 16. Bxf6 gxf6 17. Nxb4 Be6 18. Nd5 Kg7 19. Rd4 Rad8 20. Rad1 Bxd5 21. Rxd5 Nc6 22. Rd7 Rxd7 23. Rxd7 Rb8 24. f4 Nb4 25. a3 Nc2 26. Bd5 c3 27. bxc3 Nxa3 28. Bxf7 a5 29. Bd5+ Kf8 30. Bxb7 Nb1 31. c4 a4 32. c5 Nc3 33. c6 Nb5 34. Rd5 Nc7 35. Ra5 Re8 36. Kf2 Re4 37. Ra7 Ke7 38. Bc8 Kd6 39. Bxf5 Rb4 40. Bd7 Nb5 41. Ra8 Kc7 42. Ke3 a3 43. Kd3 Rb2 44. Be6 Kxc6 45. Bc4 Nd6 46. Rxa3 Nxc4 47. Kxc4 Rxe2 48. Ra6+ Kd7 49. Kd5 Rd2+ 50. Ke4 Rxh2 51. Rxf6 Ke7 52. Ra6 h5 53. Rh6 Kf7 54. g4 h4 55. g5 Kg7 56. Kf3 Rh1 57. Kg4 Rg1+ 58. Kxh4 Rg2 59. Ra6 Rg1 60. Kh5 1-0

[Event "Niedersachsen-ch 2020"]
[Site "Verden-Aller"]
[Date "2020.01.04"]
[Round "6.4"]
[White "Hampel, Felix"]
[Black "Schulze, Torben"]
[Result "1/2-1/2"]
[ECO "A21"]
[WhiteElo "2290"]
[BlackElo "2266"]
[Annotator "ChessBase"]
[PlyCount "34"]
[EventDate "2020.01.02"]
[EventType "swiss"]
[EventCountry "GER"]
[SourceTitle "playchess.com"]
[Source "ChessBase"]
[SourceQuality "1"]
[TimeControl "40/5400+30:1800+30"]

1. c4 e5 2. Nc3 Bb4 3. Nd5 Bc5 4. Nf3 c6 5. Nc3 d6 6. d4 exd4 7. Nxd4 Nf6 8. Nb3 Bb4 9. Bd2 O-O 10. a3 Bxc3 11. Bxc3 Ne4 12. Qd4 Nxc3 13. Qxc3 a5 14. e3 a4 15. Nd4 Na6 16. Bd3 Nc5 17. Bc2 Qe7 1/2-1/2

[Event "Niedersachsen-ch 2020"]
[Site "Verden-Aller"]
[Date "2020.01.04"]
[Round "6.5"]
[White "Pubantz, Jan"]
[Black "Knuedel, Torben"]
[Result "1/2-1/2"]
[ECO "E06"]
[WhiteElo "2233"]
[BlackElo "2185"]
[Annotator "NA"]
[PlyCount "81"]
[EventDate "2020.01.02"]
[EventType "swiss"]
[EventCountry "GER"]
[SourceTitle "playchess.com"]
[Source "ChessBase"]
[SourceQuality "1"]
[TimeControl "40/5400+30:1800+30"]

1. d4 Nf6 2. c4 e6 3. g3 d5 4. Bg2 Be7 5. Nf3 O-O 6. Nc3 dxc4 7. Ne5 Nc6 8. Bxc6 bxc6 9. Nxc6 Qe8 10. Nxe7+ Qxe7 11. Qa4 c5 12. dxc5 Qxc5 13. Be3 Qh5 14. f3 Bb7 15. O-O Rfc8 16. Rad1 e5 17. Qa5 Qh3 18. Rf2 Qe6 19. Nb5 Nd5 20. Bxa7 e4 21. a4 Qg6 22. Rxd5 Bxd5 23. Nc7 Rxc7 24. Qxc7 Qc6 25. Qxc6 Bxc6 26. Bd4 Rxa4 27. g4 Ra1+ 28. Kg2 Rd1 29. Bc3 exf3+ 30. exf3 Rd3 31. g5 h6 32. gxh6 gxh6 33. Kg3 Kh7 34. Rf1 Kg6 35. Kf4 f6 36. Kg4 Bd7+ 37. Kf4 Bc6 38. Rf2 Bb7 39. Rg2+ Kf7 40. Rf2 Bc6 41. Kg4 1/2-1/2

[Event "Niedersachsen-ch 2020"]
[Site "Verden-Aller"]
[Date "2020.01.04"]
[Round "6.6"]
[White "Stelmaszyk, Nico"]
[Black "Ermel, Dirk"]
[Result "1/2-1/2"]
[ECO "B13"]
[WhiteElo "2203"]
[BlackElo "2125"]
[Annotator "NA"]
[PlyCount "135"]
[EventDate "2020.01.02"]
[EventType "swiss"]
[EventCountry "GER"]
[SourceTitle "playchess.com"]
[Source "ChessBase"]
[SourceQuality "1"]
[TimeControl "40/5400+30:1800+30"]

1. e4 c6 2. d4 d5 3. exd5 cxd5 4. c4 Nf6 5. Nc3 Nc6 6. Bg5 Qb6 7. cxd5 Nxd4 8. Be3 e5 9. dxe6 Bc5 10. exf7+ Kxf7 11. Bc4+ Be6 12. Bxe6+ Nxe6 13. Qe2 Rhe8 14. O-O-O Rac8 15. Nf3 Bxe3+ 16. Qxe3 Nc5 17. Qf4 Nce4 18. Ng5+ Nxg5 19. Qxg5 Re2 20. Rd7+ Nxd7 21. Qh5+ Qg6 22. Qxe2 Qxg2 23. Re1 Qg5+ 24. Kb1 Qf5+ 25. Ka1 Kg8 26. Nb5 Qc5 27. Qe6+ Kh8 28. a3 Nf8 29. Qb3 h6 30. Rd1 Qc2 31. Qf3 Ng6 32. Nd4 Qc7 33. Qf5 Ne7 34. Qg4 Ng8 35. Ne6 Nf6 36. Qf5 Qc2 37. Rd8+ Ng8 38. Qxc2 Rxc2 39. Rd7 Rxf2 40. Nxg7 Rxh2 41. Rxb7 Rg2 42. Nh5 Rg5 43. Nf4 Rg7 44. Rb8 Kh7 45. Ka2 Rf7 46. Nh5 Ne7 47. Rb7 Kg6 48. Nf4+ Rxf4 49. Rxe7 Rf7 50. Re6+ Kg5 51. b4 Rh7 52. b5 h5 53. Kb3 h4 54. Kb4 h3 55. Re1 h2 56. Rh1 Kf4 57. a4 Kg3 58. Ka5 Rh6 59. Rc1 h1=Q 60. Rxh1 Rxh1 61. Ka6 Ra1 62. Kxa7 Rxa4+ 63. Kb7 Kf4 64. b6 Ke5 65. Kc7 Rc4+ 66. Kd7 Rb4 67. Kc7 Rxb6 68. Kxb6 1/2-1/2

[Event "Niedersachsen-ch 2020"]
[Site "Verden-Aller"]
[Date "2020.01.04"]
[Round "6.7"]
[White "Sreyas Payyappat"]
[Black "Hoerstmann, Rudi"]
[Result "1/2-1/2"]
[ECO "B06"]
[WhiteElo "2166"]
[BlackElo "2241"]
[Annotator "NA"]
[PlyCount "78"]
[EventDate "2020.01.02"]
[EventType "swiss"]
[EventCountry "GER"]
[SourceTitle "playchess.com"]
[Source "ChessBase"]
[SourceQuality "1"]
[TimeControl "40/5400+30:1800+30"]

1. e4 g6 2. d4 Bg7 3. Nf3 d6 4. Bd3 Nf6 5. O-O O-O 6. h3 Nbd7 7. Be3 e5 8. d5 Qe7 9. b4 Ne8 10. c4 f5 11. Nc3 f4 12. Bd2 Ndf6 13. Nh2 g5 14. Be2 Qf7 15. c5 h5 16. f3 Qg6 17. a4 Rf7 18. c6 b6 19. a5 Rb8 20. axb6 axb6 21. Nb5 Bh6 22. Na7 g4 23. fxg4 hxg4 24. Nxc8 gxh3 25. Bg4 Rxc8 26. Rf2 Nxg4 27. Qxg4 Qxg4 28. Nxg4 Bg7 29. gxh3 Nf6 30. Nxf6+ Bxf6 31. Rg2+ Kh7 32. Rg4 Rg8 33. Kf2 Rxg4 34. hxg4 Bh4+ 35. Kf3 Kg6 36. Rh1 Kg5 37. b5 Rf8 38. Bc3 Ra8 39. Ra1 Rxa1 1/2-1/2

[Event "Niedersachsen-ch 2020"]
[Site "Verden-Aller"]
[Date "2020.01.04"]
[Round "6.8"]
[White "Stotyn, Fabian"]
[Black "Ewert, Hannes"]
[Result "1/2-1/2"]
[ECO "E19"]
[WhiteElo "2198"]
[BlackElo "2256"]
[Annotator "ChessBase"]
[PlyCount "43"]
[EventDate "2020.01.02"]
[EventType "swiss"]
[EventCountry "GER"]
[SourceTitle "playchess.com"]
[Source "ChessBase"]
[SourceQuality "1"]
[TimeControl "40/5400+30:1800+30"]

1. Nf3 Nf6 2. d4 e6 3. g3 b6 4. Bg2 Bb7 5. O-O Be7 6. c4 O-O 7. Nc3 Ne4 8. Qc2 Nxc3 9. Qxc3 Bf6 10. Qd3 Nc6 11. Bd2 d6 12. b4 Qe7 13. b5 Nd8 14. e4 e5 15. d5 Bc8 16. a4 Nb7 17. a5 Nc5 18. Qc2 Bd7 19. Be3 g6 20. axb6 axb6 21. Bxc5 dxc5 22. Ra2 1/2-1/2

[Event "Niedersachsen-ch 2020"]
[Site "Verden-Aller"]
[Date "2020.01.04"]
[Round "6.9"]
[White "Hoellmann, Ludger"]
[Black "Webner, Dennis"]
[Result "1/2-1/2"]
[ECO "A41"]
[WhiteElo "2059"]
[BlackElo "2113"]
[Annotator "NA"]
[PlyCount "50"]
[EventDate "2020.01.02"]
[EventType "swiss"]
[EventCountry "GER"]
[SourceTitle "playchess.com"]
[Source "ChessBase"]
[SourceQuality "1"]
[TimeControl "40/5400+30:1800+30"]

1. Nf3 d6 2. d4 Bg4 3. c4 Nf6 4. Qb3 Qc8 5. h3 Bxf3 6. Qxf3 Nc6 7. e3 e5 8. d5 e4 9. Qf4 Nb4 10. Kd1 Qd7 11. Nc3 Qe7 12. a3 Na6 13. b4 O-O-O 14. Bb2 Nb8 15. Kc2 Nbd7 16. Be2 h6 17. h4 Kb8 18. Kb3 Qe5 19. Rad1 Re8 20. Rde1 Rg8 21. Bd1 g5 22. hxg5 hxg5 23. Qxe5 Nxe5 24. Bc2 Neg4 25. Nd1 Bg7 1/2-1/2

[Event "Niedersachsen-ch 2020"]
[Site "Verden-Aller"]
[Date "2020.01.04"]
[Round "6.10"]
[White "Colbow, Collin"]
[Black "Rau, Nikita"]
[Result "1-0"]
[ECO "B24"]
[WhiteElo "2098"]
[BlackElo "1987"]
[Annotator "NA"]
[PlyCount "142"]
[EventDate "2020.01.02"]
[EventType "swiss"]
[EventCountry "GER"]
[SourceTitle "playchess.com"]
[Source "ChessBase"]
[SourceQuality "1"]
[TimeControl "40/5400+30:1800+30"]

1. e4 c5 2. Nc3 Nc6 3. Nf3 e5 4. Bc4 d6 5. d3 Bg4 6. h3 Be6 7. Nd5 Nd4 8. c3 Nxf3+ 9. Qxf3 Ne7 10. Bg5 Qc8 11. Bb5+ Bd7 12. Bxd7+ Qxd7 13. Bxe7 Bxe7 14. O-O O-O 15. Qg4 f5 16. exf5 Rae8 17. Ne3 d5 18. f6 Qxg4 19. hxg4 Bxf6 20. Nxd5 e4 21. dxe4 Rxe4 22. f3 Re2 23. Rf2 Rfe8 24. Kf1 R2e5 25. Nxf6+ gxf6 26. Rd1 c4 27. Rfd2 Kf7 28. Rd7+ R8e7 29. Rxe7+ Rxe7 30. Kf2 Kg6 31. f4 h5 32. f5+ Kg5 33. gxh5 Kxh5 34. Rd4 Rc7 35. g4+ Kg5 36. Kf3 Kh6 37. Rd6 Kg5 38. Rd8 Kh6 39. Kf4 Rc6 40. Rh8+ Kg7 41. Rh2 a5 42. g5 fxg5+ 43. Kxg5 Rc5 44. Rd2 Rb5 45. a4 Rb6 46. Rh2 Kf7 47. Kf4 Rb3 48. Ke5 b5 49. Kd4 bxa4 50. Kxc4 Kf6 51. Rf2 Rb8 52. Kc5 Rc8+ 53. Kb5 a3 54. bxa3 Rxc3 55. a4 Rc8 56. Kxa5 Ra8+ 57. Kb5 Rb8+ 58. Kc6 Ra8 59. Ra2 Rc8+ 60. Kb7 Rc1 61. Rf2 Rb1+ 62. Ka6 Rb4 63. a5 Rb1 64. Ka7 Rb5 65. a6 Rb1 66. Ka8 Rb3 67. a7 Rb1 68. Rc2 Kxf5 69. Rc8 Ke6 70. Rb8 Rh1 71. Kb7 Kd5 1-0

[Event "Niedersachsen-ch 2020"]
[Site "Verden-Aller"]
[Date "2020.01.04"]
[Round "6.11"]
[White "Schumacher, Klaus"]
[Black "Santos, Jose"]
[Result "1/2-1/2"]
[ECO "D74"]
[WhiteElo "1680"]
[BlackElo "1771"]
[Annotator "NA"]
[PlyCount "56"]
[EventDate "2020.01.02"]
[EventType "swiss"]
[EventCountry "GER"]
[SourceTitle "playchess.com"]
[Source "ChessBase"]
[SourceQuality "1"]
[TimeControl "40/5400+30:1800+30"]

1. c4 Nf6 2. g3 d5 3. cxd5 Nxd5 4. d4 g6 5. Bg2 Bg7 6. Nf3 O-O 7. O-O c6 8. e4 Nb6 9. Nc3 Bg4 10. Be3 Nc4 11. Qb3 Nxe3 12. fxe3 Qb6 13. Qc4 Bh6 14. Ne5 Bxe3+ 15. Kh1 Be6 16. d5 cxd5 17. exd5 Bf5 18. g4 Nd7 19. Nxf7 Rac8 20. Qe2 Rxf7 21. gxf5 Nf6 22. fxg6 hxg6 23. d6 Bc5 24. Nd5 Qxd6 25. Nxf6+ Rxf6 26. Rxf6 exf6 27. Rd1 Qe5 28. Qg4 Qf5 1/2-1/2

[Event "Niedersachsen-ch 2020"]
[Site "Verden-Aller"]
[Date "2020.01.04"]
[Round "6.12"]
[White "Korb, Ruben"]
[Black "Wetjen, Fabian"]
[Result "0-1"]
[ECO "C02"]
[WhiteElo "1709"]
[BlackElo "1748"]
[Annotator "NA"]
[PlyCount "68"]
[EventDate "2020.01.02"]
[EventType "swiss"]
[EventCountry "GER"]
[SourceTitle "playchess.com"]
[Source "ChessBase"]
[SourceQuality "1"]
[TimeControl "40/5400+30:1800+30"]

1. e4 e6 2. d4 d5 3. e5 c5 4. Nf3 cxd4 5. Nxd4 Nc6 6. Bb5 Bd7 7. f4 Nxd4 8. Bxd7+ Qxd7 9. Qxd4 Ne7 10. Nd2 Nc6 11. Qd3 Nb4 12. Qb3 Rc8 13. c4 b5 14. Nf3 bxc4 15. Qc3 Nd3+ 16. Ke2 Bb4 17. Qc2 d4 18. Bd2 Nxf4+ 19. Kf1 d3 20. Qd1 Bxd2 21. Qxd2 Ne2 22. Rd1 O-O 23. Kf2 Nd4 24. Rhe1 Nxf3 25. gxf3 Qd4+ 26. Kg2 f5 27. Rc1 Rb8 28. Rc3 Rfd8 29. f4 g5 30. fxg5 Qg4+ 31. Kh1 Qf3+ 32. Kg1 Rd4 33. Qf2 Rg4+ 34. Kf1 Qh1+ {[%emt 0:00:13] Rcc1} 0-1

[Event "Niedersachsen-ch 2020"]
[Site "Verden-Aller"]
[Date "2020.01.05"]
[Round "7.1"]
[White "Voege, Tobias"]
[Black "Mueer, Sebastian"]
[Result "1-0"]
[ECO "E61"]
[WhiteElo "2310"]
[BlackElo "2223"]
[Annotator "RC"]
[PlyCount "49"]
[EventDate "2020.01.02"]
[EventType "swiss"]
[EventCountry "GER"]
[SourceTitle "playchess.com"]
[Source "ChessBase"]
[SourceQuality "1"]
[TimeControl "40/5400+30:1800+30"]

1. d4 Nf6 2. c4 g6 3. Nc3 Bg7 4. Nf3 O-O 5. Bg5 h6 6. Bh4 c5 7. d5 d6 8. e3 Bf5 9. Bd3 Bxd3 10. Qxd3 Nbd7 11. O-O a6 12. a4 g5 13. Bg3 Nh5 14. Ne2 b5 15. axb5 axb5 16. Rxa8 Qxa8 17. cxb5 Bxb2 18. Qf5 Qc8 19. Qe4 Bf6 20. h4 Nb6 21. hxg5 hxg5 22. Nh2 Ng7 23. Ng4 Qb7 24. Bxd6 Rd8 25. Nh6+ 1-0